AoeStats
← NutMilkMan

Nomad

506308255Analyzed
4v4 RM · 18d ago on Sep 13, 2026· 36m 19s· 8 players
Game mode
Random Map
Map size
231×231
Population
200
Speed
Normal
Resources
Standard
Victory
Conquest
Starting age
Dark Age
Ending age
Imperial Age
RankedLock teamsTeams togetherTeam positionsShared explorationLock speedFull tech treeHidden civsTurbo modeCheats
Victory
Defeat
🇺🇸 Huns · United States
969
+18
🇺🇸 Goths · United States
910
+20
🇭🇰 Franks · Hong Kong SAR China
859
+22
🇺🇸 Lithuanians · United States
781
+24
🇲🇽 Italians · Mexico
1000
-69
🇲🇽 Portuguese · Mexico
1000
-69
🇲🇽 Maya · Mexico
1000
-69
🇲🇽 Franks · Mexico
1000
-69
Friedeggplant
6:19 Loom
22:12 Feudal Age
23:04 Man-at-Arms
23:53 Double-Bit Axe
24:05 Horse Collar
24:29 Town Watch
24:37 Gold Mining
25:34 Stone Mining
25:33 Fishing Lines
28:07 Wheelbarrow
27:58 Forging
27:49 Scale Mail Armor
27:40 Fletching
NutMilkMan
14:34 Feudal Age
15:02 Horse Collar
15:23 Double-Bit Axe
18:18 Gold Mining
22:09 Wheelbarrow
21:25 Man-at-Arms
21:51 Arson
25:10 Castle Age
24:17 Padded Archer Armor
25:29 Fletching
25:40 Crossbowman
25:43 Elite Skirmisher
27:46 Squires
29:17 Fishing Lines
32:14 Thumb Ring
TDMC | SpAwN_™
3:30 Loom
15:07 Feudal Age
16:02 Horse Collar
20:12 Castle Age
20:24 Double-Bit Axe
22:48 Wheelbarrow
32:12 Hand Cart
33:55 Bow Saw
34:53 Bloodlines
34:46 Husbandry
35:12 Heavy Plow
36:11 Gold Mining
2487664814
6:26 Loom
20:33 Feudal Age
20:38 Man-at-Arms
24:23 Wheelbarrow
24:02 Double-Bit Axe
24:53 Forging
30:59 Castle Age
31:38 Wheelbarrow
33:34 Scale Barding Armor
34:47 Hand Cart
35:40 Bow Saw
King zEvil7553
13:28 Loom
18:02 Feudal Age
19:14 Man-at-Arms
20:42 Wheelbarrow
24:09 Horse Collar
30:08 Castle Age
33:43 Long Swordsman
YorchWick7794
26:11 Feudal Age
King zMaster497
27:35 Feudal Age
Ferced93
25:03 Feudal Age
25:36 Horse Collar
26:28 Fishing Lines
27:29 Wheelbarrow
27:54 Arson
27:30 Man-at-Arms
32:04 Loom
Connection lost

Rejoining the realm…

Still unreachable

The connection could not be restored.

Session expired

The server has moved on; the page needs a fresh start.